 Dungeon Crawl Stone Soup version 0.29.1-2-gbd0b4ee654 (webtiles) character file.

Game seed: 8433483744998483083

326321 LustLizard the Eclecticist (level 22, -23/174 HPs)
             Began as a Djinni Fire Elementalist on Oct 28, 2022.
             Was a High Priest of Ashenzari.
             Annihilated by a white very ugly thing (73 damage)
             ... on level 3 of the Vaults.
             The game lasted 02:55:42 (56936 turns).

LustLizard the Eclecticist (DjFE)                  Turns: 56936, Time: 02:55:43

Health: -23/174    AC: 22    Str: 16    XL:     22   Next: 61%
Gold:   1244       EV: 38    Int: 30    God:    Ashenzari [*****.] SH: 17 Dex: 19

rFire   + + .      SeeInvis +   I - +5 demon whip (elec)
rCold   x . .      Faith    .   e - +2 kite shield "Unveiling Anxiety" {rF+, Melee, Fort} (curse)
rNeg    . . .      Spirit   .   R - +3 ring mail of Ashenzari's Cynicism {Will+ rCorr, Self, Cun} (curse)
rPois   ∞          Reflect  .   q - +1 helmet "Omniscient Ethics" {+Blink rF- Str+3, Self, Melee} (curse)
rElec   .          Harm     .   P - +2 cloak of the Thief {*Fog Slay-2 SInv Stlth+, Self, Evo} (curse)
rCorr   +          Rampage  .   h - +2 pair of gloves "Share My Prison" {Stlth+, Evo, Self} (curse)
Will    ++++.      Clarity  +   (boots unavailable)
Stlth   +++++++...              l - amulet of the Perceptive Sky {Acrobat Int+4, Fort, Melee} (curse)
HPRegen 1.19/turn               U - ring of Ashenzari's Sorrow {rPois EV+4 Int-4 Dex-2 Slay+5, Fort, Self} (curse)
MPRegen 0.00/turn               Y - ring of Cremastomancy {rF- Will+ MP+9 Int+9 Dex+6, Self, Fort} (curse)

@: acrobatic, flying, studying Evocations
A: sickness immunity, fire resistance 3, cold vulnerability 1, float, innate
caster, HP casting, extra vitality 1, regeneration 1, wild magic 1, noise
suppression
}: 2/15 runes: serpentine, barnacled
a: Renounce Religion, Evoke Blink, Curse Item, Shatter the Chains


You were on level 3 of the Vaults.
You worshipped Ashenzari.
Ashenzari was extremely pleased with you.
You visited 7 branches of the dungeon, and saw 34 of its levels.
You also visited: Bailey, Gauntlet and Desolation.

You collected 3137 gold pieces.
You spent 1893 gold pieces at shops.

Inventory:

Hand Weapons
 I - a +5 demon whip of electrocution (weapon)
Armour
 e - the cursed +2 kite shield "Unveiling Anxiety" (worn) {rF+, Melee, Fort}
   (You took it off a naga warrior on level 4 of the Snake Pit)

   It has a curse which improves the following skills: Melee Combat: Short
   Blades, Long Blades, Axes, Maces & Flails, Polearms, Staves and Unarmed
   Combat.
   Fortitude: Armour and Shields.
 h - the cursed +2 pair of gloves "Share My Prison" (worn) {Stlth+, Evo, Self}
   (You bought it in a shop on level 2 of the Orcish Mines)

   It has a curse which improves the following skills: Evocations: Evocations.
   Introspection: Fighting and Spellcasting.
 m - a +2 crystal plate armour
 q - the cursed +1 helmet "Omniscient Ethics" (worn) {+Blink rF- Str+3, Self, Melee}
   (You found it in a Gauntlet)

   Str:       It affects your strength (+3).
   rF:        It makes you vulnerable to fire.
   +Blink:    It lets you blink.
   It has a curse which improves the following skills: Introspection: Fighting
   and Spellcasting.
   Melee Combat: Short Blades, Long Blades, Axes, Maces & Flails, Polearms,
   Staves and Unarmed Combat.
 F - a +2 pair of gloves of infusion
 O - the +7 chain mail of the Barracuda {Fly rF+ rC- Int+7 Dex-3}
   (You found it in the Desolation of Salt)

   Int:       It affects your intelligence (+7).
   Dex:       It affects your dexterity (-3).
   rF:        It protects you from fire.
   rC:        It makes you vulnerable to cold.
   Fly:       It grants you flight.
 P - the cursed +2 cloak of the Thief (worn) {*Fog Slay-2 SInv Stlth+, Self, Evo}
   (You found it on level 4 of the Shoals)

   It may release a thick cloud of smoke when the wearer is hurt.
   Slay:      It affects your accuracy & damage with ranged weapons and melee
   (-2).
   SInv:      It lets you see invisible.
   Stlth:     It makes you more stealthy.
   It has a curse which improves the following skills: Introspection: Fighting
   and Spellcasting.
   Evocations: Evocations.
 R - the cursed +3 ring mail of Ashenzari's Cynicism (worn) {Will+ rCorr, Self, Cun}
   (You found it on level 3 of the Lair of Beasts)

   rCorr:     It protects you from acid and corrosion.
   Will:      It increases your willpower.
   It has a curse which improves the following skills: Introspection: Fighting
   and Spellcasting.
   Cunning:   Dodging and Stealth.
Jewellery
 j - a ring of resist corrosion
 l - the cursed amulet of the Perceptive Sky (around neck) {Acrobat Int+4, Fort, Melee}
   (You took it off an orc knight on level 10 of the Dungeon)

   [amulet of the acrobat]

   It increases your evasion while moving and waiting.
   Int:       It affects your intelligence (+4).
   It has a curse which improves the following skills: Fortitude: Armour and
   Shields.
   Melee Combat: Short Blades, Long Blades, Axes, Maces & Flails, Polearms,
   Staves and Unarmed Combat.
 s - the ring "Nopt" {rCorr Str+2}
   (You found it in the Desolation of Salt)

   [ring of resist corrosion]

   Str:       It affects your strength (+2).
   rCorr:     It protects you from acid and corrosion.
 w - the ring "Xacos" {rC+ rN+ Will- EV+4 Str+2}
   (You found it in the Desolation of Salt)

   [ring of evasion]

   EV:        It affects your evasion (+4).
   Str:       It affects your strength (+2).
   rC:        It protects you from cold.
   rN:        It protects you from negative energy.
   Will:      It decreases your willpower.
 x - the amulet "Ocaur" {Reflect Fly rC+ Will- Dex+3 SH+5}
   (You found it in the Desolation of Salt)

   [amulet of reflection]

   It reflects blocked missile attacks.
   Dex:       It affects your dexterity (+3).
   rC:        It protects you from cold.
   Fly:       It grants you flight.
   SH:        It affects your SH (+5).
   Will:      It decreases your willpower.
 z - a +6 ring of intelligence
 C - the ring "Miavuo Wiwo" {rF+ rC+ EV+4 Str+7}
   (You found it in the Desolation of Salt)

   [ring of evasion]

   EV:        It affects your evasion (+4).
   Str:       It affects your strength (+7).
   rF:        It protects you from fire.
   rC:        It protects you from cold.
 M - the amulet "Qoypaun" {Spirit rElec rC+ Stlth-}
   (You took it off a meliai on level 10 of the Dungeon)

   [amulet of guardian spirit]

   It causes incoming damage to be divided between your reserves of health and
   magic.
   rC:        It protects you from cold.
   rElec:     It insulates you from electricity.
   Stlth:     It makes you less stealthy.
 N - the ring of Oshapisk {+Blink Int+6}
   (You found it on level 4 of the Shoals)

   [ring of intelligence]

   Int:       It affects your intelligence (+6).
   +Blink:    It lets you blink.
 S - a ring of protection from cold
 U - the cursed ring of Ashenzari's Sorrow (left hand) {rPois EV+4 Int-4 Dex-2 Slay+5, Fort, Self}
   (You found it on level 5 of the Lair of Beasts)

   [ring of evasion]

   EV:        It affects your evasion (+4).
   Int:       It affects your intelligence (-4).
   Dex:       It affects your dexterity (-2).
   Slay:      It affects your accuracy & damage with ranged weapons and melee
   (+5).
   rPois:     It protects you from poison.
   It has a curse which improves the following skills: Fortitude: Armour and
   Shields.
   Introspection: Fighting and Spellcasting.
 V - a +6 ring of dexterity
 Y - the cursed ring of Cremastomancy (right hand) {rF- Will+ MP+9 Int+9 Dex+6, Self, Fort}
   (You bought it in a shop on level 2 of the Dungeon)

   [ring of dexterity]

   Int:       It affects your intelligence (+9).
   Dex:       It affects your dexterity (+6).
   rF:        It makes you vulnerable to fire.
   MP:        It affects your magic capacity (+9).
   Will:      It increases your willpower.
   It has a curse which improves the following skills: Introspection: Fighting
   and Spellcasting.
   Fortitude: Armour and Shields.
Wands
 a - a wand of flame (71)
 k - a wand of acid (31)
 B - a wand of polymorph (6)
 D - a wand of paralysis (55)
 Q - a wand of iceblast (8)
Scrolls
 b - 8 scrolls of teleportation
 c - a scroll of silence
 d - 3 scrolls of enchant armour
 i - 3 scrolls of fear
 n - a scroll of brand weapon
 t - 11 scrolls of vulnerability
 y - 2 scrolls of summoning
 E - 4 scrolls of fog
 G - 3 scrolls of immolation
 J - a scroll of blinking
 W - 3 scrolls of magic mapping
 X - 3 scrolls of poison
Potions
 f - 16 potions of curing
 g - 4 potions of berserk rage
 o - 8 potions of mutation
 p - 11 potions of brilliance
 r - 4 potions of cancellation
 u - 5 potions of haste
 v - 8 potions of might
 A - 7 potions of resistance
 K - 3 potions of invisibility
 L - a potion of ambrosia
Miscellaneous
 H - a phantom mirror
 T - a lightning rod (4/4)
 Z - a box of beasts


   Skills:
 - Level 12.4(19.6) Fighting
 - Level 10.0(14.5) Maces & Flails
 + Level 11.3(16.8) Armour
 + Level 11.8(14.0) Dodging
 + Level 10.5(12.8) Stealth
 + Level 11.3(16.8) Shields
 * Level 20.3(27) Spellcasting
 - Level 12.5(15.9) Evocations


You had 18 spell levels left.
You knew the following spells:

 Your Spells              Type           Power      Damage    Failure   Level
a - Foxfire               Conj/Fire      100%       2x1d9     1%          1
b - Scorch                Fire           100%       2d10      1%          2
c - Conjure Flame         Conj/Fire      100%       6-21      1%          3
d - Inner Flame           Hex/Fire       100%       N/A       1%          3
e - Flame Wave            Conj/Fire      100%       2d21      1%          4
f - Shock                 Conj/Air       100%       1d9       1%          1
g - Call Imp              Summ           100%       N/A       1%          2
h - Confusing Touch       Hex            100%       N/A       1%          3
i - Swiftness             Air            100%       N/A       1%          3
j - Fulminant Prism       Conj/Hex       66%        3d28      1%          4
k - Manifold Assault      Tloc           100%       N/A       1%          5
l - Simulacrum            Ice/Necr       66%        N/A       1%          6
m - Dispersal             Tloc           66%        N/A       1%          6
n - Summon Hydra          Summ           66%        N/A       1%          7
o - Orb of Destruction    Conj           66%        9d16      1%          7
Your spell library was empty.

Dungeon Overview and Level Annotations

Branches:
Dungeon (15/15)            Temple (1/1) D:5            Lair (5/5) D:10
 Shoals (4/4) Lair:3        Snake (4/4) Lair:2        Slime (0/5) Lair:5
    Orc (2/2) D:10            Elf (0/3) Orc:2        Vaults (3/5) D:13
  Crypt (0/3) Vaults:2     Depths (0/4) D:15         Bailey (visited)
Desolation (visited)      Gauntlet (visited)

Altars:
Ashenzari
Cheibriados
Dithmenos
Elyvilon
Fedhas
Gozag
Hepliaklqana
Makhleb
Nemelex Xobeh
Okawaru
Qazlal
Ru
Trog
Uskayaw
Wu Jian
Xom
Yredelemnul
Zin
The Shining One
Jiyva

Shops:
D:2 =   D:13 =   Orc:1 *   Orc:2 =[[[*   Shoals:3 [   Shoals:4 ?   Snake:1 **
Snake:2 (*!=*   Snake:3 [=[   Snake:4 :=:   Vaults:2 :

Portals:
Trove: D:14 (give 2 scrolls of acquirement)


Innate Abilities, Weirdness & Mutations

You are immune to sickness and miasma.
You are immune to poison.
Your flesh is almost immune to the effects of heat. (rF+++)
You are vulnerable to cold. (rC-)
You float through the air rather than walking.
You learn spells naturally, not from books.
Your magical power is your life essence.
You have superior vitality. (+4 MHP)
Your natural rate of healing is unusually fast.
Your spells are a little harder to cast, but a little more powerful.
You passively dampen the noise of your surroundings.


Message History

You whack the green ugly thing!
You barely miss the white very ugly thing.
Your vault guard simulacrum hits the cyan very ugly thing!
Your vault guard simulacrum freezes the cyan very ugly thing!!
The vault sentinel unwields a +0 long sword.
The vault sentinel wields a +0 arbalest.
The vault sentinel shoots a bolt.
The bolt hits you!
Casting: Manifold Assault (safe; 1% risk of failure)
Confirm with . or Enter, or press ? or * to list all spells.
Space momentarily warps into an impossible shape!
You hit the green ugly thing.
Lightning courses through the green ugly thing!
You hit the white very ugly thing but do no damage.
Lightning courses through the white very ugly thing!
You hit the cyan very ugly thing. You hit the white very ugly thing.
Lightning courses through the white very ugly thing!!
The green ugly thing misses you. The white very ugly thing kicks you!
The white very ugly thing freezes you!!
You feel a terrible chill!
With a swish of your cloak, you release a cloud of fog.
The cyan very ugly thing completely misses you.
Casting: Manifold Assault (safe; 1% risk of failure)
Confirm with . or Enter, or press ? or * to list all spells.
Space momentarily warps into an impossible shape!
You whack the white very ugly thing! You whack the cyan very ugly thing!
You kill the cyan very ugly thing!
You completely miss the white very ugly thing.
You whack the vault sentinel!
Lightning courses through the vault sentinel!
You kill the vault sentinel!
Your vault guard simulacrum hits the white very ugly thing!
Your vault guard simulacrum freezes the white very ugly thing.
The white very ugly thing resists.
The white very ugly thing kicks you but does no damage.
You swap places.
The green ugly thing basks in the mutagenic energy from its kin and changes!
The white very ugly thing kicks you.
* * * LOW HITPOINT WARNING * * *
The white very ugly thing freezes you!!!!
You feel a terrible chill!
You die...

#........<....###
#.............#
#.....))[.....#
#########'#######
#.......)))###
**#######.§........##
,....§§#§§§.......##
.<..§§#u§§.......##
...)§§uZ@.§......#
*,.....§u§§§§......#
* ......############
......#######
**#####**


You could see 2 very ugly things, a white ugly thing and a friendly vault guard
simulacrum.

Vanquished Creatures
  Vashnia (Snake:4)
  Rupert (Lair:3)
  3 krakens
  A sphinx (Vaults:1)
  Polyphemus (Shoals:2)
  2 thorn hunters (Snake:1)
  Ilsuiw (Shoals:3)
  7 nagarajas
  14 vault wardens
  An imperial myrmidon (Desolation)
  2 orc warlords (Vaults:2)
  Aizul (Snake:1)
  2 war gargoyles
  A very ugly thing (Vaults:3)
  A vampire knight (Vaults:2)
  An ironbound thunderhulk (Vaults:2)
  A stone giant (D:15)
  Nessos (D:12)
  4 ironbound preservers
  2 halazid warlocks (Desolation)
  Azrael (D:13)
  3 dire elephants (Vaults:1)
  A crystal guardian (Vaults:2)
  2 deep elf death magi (Vaults:2)
  Snorg (D:12)
  4 merfolk impalers (Shoals:4)
  A ragged hierophant (Desolation)
  7 merfolk javelineers
  4 yaktaur captains
  3 vault guards
  Erolcha (Orc:1)
  Harold (Lair:1)
  5 great orbs of eyes
  3 servants of whispers (Desolation)
  9 hydras
  5 boulder beetles
  2 alligator snapping turtles (Shoals:4)
  12 anacondas
  2 catoblepae
  5 two-headed ogres
  8 ironbound frosthearts
  3 merfolk avatars
  7 peacekeepers
  4 merfolk aquamancers
  12 centaur warriors
  A satyr (Shoals:4)
  A death knight (D:10)
  18 naga warriors
  A deep troll shaman (Lair:5)
  3 orc high priests (Orc:2)
  2 tengu warriors (D:15)
  13 death yaks
  9 naga sharpshooters
  2 shock serpents (Snake:1)
  8 skeletal warriors
  Nergalle (Orc:2)
  Sonja (Lair:1)
  5 hell knights (Vaults:2)
  2 fire crabs (Lair:5)
  16 sea snakes
  4 salamander mystics
  5 naga ritualists
  7 deep trolls
  2 wizards
  6 swamp dragons (Snake:1)
  A necromancer (Vaults:2)
  3 phantasmal warriors (Snake:1)
  14 lindwurms
  20 harpies
  7 ironbound convokers
  6 orc knights
  11 mana vipers
  4 ugly things
  2 deep elf pyromancers
  A harpy (shapeshifter) (D:15)
  5 orc sorcerers (Orc:2)
  A shining eye (Gauntlet)
  10 fauns
  14 salamanders
  A stone giant zombie (Vaults:2)
  21 manticores
  13 cyclopes
  15 merfolk sirens
  Joseph (D:8)
  A molten gargoyle (Desolation)
  10 elephants
  An apocalypse crab (Gauntlet)
  13 naga magi
  A torpor snail (Lair:5)
  21 black mambas
  3 gargoyles
  3 water nymphs
  9 guardian serpents
  12 komodo dragons
  7 vault sentinels
  Psyche (D:12)
  14 cane toads
  27 yaktaurs
  A kobold demonologist (D:14)
  A cane toad (shapeshifter) (D:15)
  An unseen horror (D:13)
  A rime drake (Lair:5)
  A spectral naga (Snake:1)
  A queen bee (shapeshifter) (D:13)
  A queen bee (Gauntlet)
  28 merfolk
  A meliai (D:10)
  3 polar bears
  6 trolls
  Grinder (D:4)
  9 snapping turtles
  41 saltlings
  A raiju (shapeshifter) (D:10)
  13 blink frogs
  7 wind drakes
  35 slime creatures
  9 dream sheep
  11 water elementals
  Sigmund (D:5)
  6 wraiths
  A shadow (D:10)
  A spriggan (shapeshifter) (D:13)
  A vampire (D:10)
  9 wyverns
  78 yaks
  Eustachio (D:4)
  6 basilisks
  6 fire elementals (D:13)
  4 steam dragons
  2 golden eyes (Gauntlet)
  A warg (Lair:3)
  34 nagas
  12 vampire mosquitoes
  6 swamp worms (Snake:1)
  3 acid dragons
  Duvessa (D:6)
  A glowing shapeshifter zombie (Vaults:2)
  17 water moccasins
  2 hell hounds (D:13)
  An ice beast (D:6)
  29 orc warriors
  6 black bears
  5 boggarts (D:14)
  8 centaurs
  A tengu (shapeshifter) (Vaults:3)
  28 wolves
  5 ogres
  A phantom (D:5)
  2 kobold brigands
  14 bullfrogs
  Blork the orc (D:4)
  2 gnoll sergeants
  2 scorpions (D:5)
  A necrophage (D:8)
  13 wights
  Dowan (D:6)
  A human simulacrum (Vaults:2)
  14 killer bees
  3 howler monkeys
  2 electric eels
  9 hounds
  3 jellies
  A gnoll bouda (D:5)
  15 orc priests
  Crazy Yiuf (D:4)
  3 iguanas
  24 orc wizards
  Terence (D:3)
  14 gnolls
  6 adders
  A shadow imp (D:5)
  3 white imps
  An ufetubus (D:7)
  A dart slug (D:2)
  55 orcs
  10 ball pythons
  4 bats
  6 endoplasms
  3 giant cockroaches
  24 goblins
  17 hobgoblins
  7 jackals (D:1)
  8 kobolds
  8 quokkas
  2 frilled lizards
  6 rats
  A briar patch (Snake:1)
  10 tentacles
1283 creatures vanquished.

Vanquished Creatures (collateral kills)
  Margery (Vaults:2)
  2 nagarajas
  2 vault wardens
  An orc warlord (Bailey)
  An imperial myrmidon (Desolation)
  2 ironbound preservers
  An ironbound thunderhulk (Vaults:1)
  A very ugly thing (Vaults:3)
  A deep elf demonologist (Vaults:3)
  A crystal guardian (Desolation)
  2 great orbs of eyes
  10 vault guards
  2 servants of whispers (Desolation)
  A hydra (Snake:1)
  An ironbound frostheart (Vaults:3)
  3 peacekeepers
  A two-headed ogre (D:14)
  3 anacondas
  3 centaur warriors
  2 death yaks (Lair:5)
  5 naga warriors
  2 naga sharpshooters (Snake:4)
  A shock serpent (Snake:1)
  A hell knight (Vaults:2)
  A salamander mystic (Snake:3)
  5 deep trolls
  A glowing orange brain (Vaults:3)
  A necromancer (Vaults:2)
  An orc knight (Vaults:2)
  A wizard (Vaults:3)
  2 lindwurms (Vaults:1)
  A cyclops (Orc:2)
  A mana viper (Snake:3)
  5 ironbound convokers
  7 salamanders
  2 vault sentinels (Vaults:3)
  A black mamba (Snake:3)
  7 naga magi
  3 guardian serpents
  2 molten gargoyles (Desolation)
  4 yaktaurs
  6 saltlings
  4 slime creatures
  3 yaks (Lair:5)
  5 nagas
  A swamp worm (Snake:1)
  2 orc warriors (Orc:2)
  4 wolves (Lair:5)
  A hornet simulacrum (D:14)
  An orc wizard (D:13)
  A gnoll (Bailey)
  2 orcs
  37 foxfires
162 creatures vanquished.

Vanquished Creatures (others)
  A saltling (Desolation)
  A bush (Lair:5)
  2 demonic plants (Gauntlet)
  3072 foxfires
  9 fulminant prisms
  31 fungi
  142 plants
  9 tentacles (Shoals:1)
  2 withered plants (D:8)
3269 creatures vanquished.

Grand Total: 4714 creatures vanquished

Notes
Turn   | Place    | Note
-------+----------+-------------------------------------------
     0 | D:1      | LustLizard the Djinni Fire Elementalist began the quest for
                  | the Orb.
     0 | D:1      | LustLizard set off with the following spells memorised:
                  | Foxfire, Scorch, Conjure Flame, Inner Flame, Flame Wave.
     0 | D:1      | Reached XP level 1. HP: 15/15 MP: 0/0
   126 | D:1      | Reached XP level 2. HP: 18/21 MP: 0/0
   414 | D:1      | Reached XP level 3. HP: 24/25 MP: 0/0
   414 | D:1      | Learned a level 1 spell: Shock
  1098 | D:1      | Reached skill level 3 in Spellcasting
  1311 | D:2      | Reached XP level 4. HP: 17/31 MP: 0/0
  1604 | D:2      | Found Vanurrob's Jewellery Emporium.
  1913 | D:2      | Found a faded altar of an unknown god.
  2198 | D:3      | Noticed Terence
  2325 | D:3      | Reached XP level 5. HP: 30/35 MP: 0/0
  2325 | D:3      | Learned a level 2 spell: Call Imp
  2332 | D:3      | Reached skill level 1 in Evocations
  3202 | D:3      | Identified the +1 chain mail "Kebinuw" {rN++ Str-5 Int+3}
  3268 | D:3      | Killed Terence
  3720 | D:4      | Noticed Eustachio
  3777 | D:4      | Noticed Grinder
  3787 | D:4      | Killed Grinder
  3788 | D:4      | Reached skill level 4 in Spellcasting
  3788 | D:4      | Reached XP level 6. HP: 30/40 MP: 0/0
  3788 | D:4      | Reached XP level 7. HP: 34/45 MP: 0/0
  3788 | D:4      | Learned a level 3 spell: Confusing Touch
  3867 | D:4      | Noticed Blork the orc
  3877 | D:4      | Killed Blork the orc
  4765 | D:4      | Found a runed translucent door.
  4766 | D:4      | Noticed Crazy Yiuf
  4845 | D:4      | Killed Eustachio
  4846 | D:4      | Reached skill level 5 in Spellcasting
  5273 | D:4      | Reached XP level 8. HP: 45/50 MP: 0/0
  5482 | D:4      | Killed Crazy Yiuf
  5744 | D:5      | Entered Level 5 of the Dungeon
  5799 | D:5      | Reached skill level 6 in Spellcasting
  5944 | D:5      | Noticed Sigmund
  6507 | D:5      | Found a staircase to the Ecumenical Temple.
  6514 | Temple   | Entered the Ecumenical Temple
  7058 | D:5      | Killed Sigmund
  7059 | D:5      | Reached skill level 5 in Evocations
  7059 | D:5      | Reached XP level 9. HP: 38/55 MP: 0/0
  7059 | D:5      | Learned a level 3 spell: Swiftness
  7242 | D:6      | Noticed Duvessa
  7242 | D:6      | Noticed Dowan
  7242 | D:6      | Found a white marble altar of Elyvilon.
  7242 | D:6      | Found a broken altar of Ashenzari.
  7247 | D:6      | Killed Dowan
  7251 | D:6      | Killed Duvessa
  7252 | D:6      | Reached skill level 7 in Spellcasting
  7689 | D:6      | Became a worshipper of Ashenzari the Shackled
  8269 | D:6      | Found a sacrificial altar of Ru.
  8270 | D:6      | Found a blossoming altar of Fedhas.
  8584 | D:7      | Found a blossoming altar of Fedhas.
  8690 | D:7      | Found a flagged portal.
  8700 | Bailey   | Entered a bailey
  9268 | Bailey   | Reached skill level 8 in Spellcasting
  9405 | Bailey   | Reached XP level 10. HP: 22/60 MP: 0/0
  9623 | Bailey   | Noticed an orc warlord
  9668 | Bailey   | Killed an orc warlord
  9669 | Bailey   | Reached skill level 9 in Spellcasting
  9859 | Bailey   | Acquired a +1 demon whip of electrocution
 10016 | Bailey   | Acquired a manual of Evocations
 10190 | D:7      | Found a hazy altar of Hepliaklqana.
 10349 | D:7      | Reached skill level 1 in Maces & Flails
 10349 | D:7      | Reached skill level 10 in Spellcasting
 10526 | D:7      | Reached * piety under Ashenzari
 10527 | D:7      | Reached skill level 5 in Maces & Flails
 10527 | D:7      | Reached XP level 11. HP: 62/65 MP: 0/0
 10527 | D:7      | Learned a level 4 spell: Fulminant Prism
 11716 | D:8      | Found an iron altar of Okawaru.
 11754 | D:8      | Reached ** piety under Ashenzari
 12149 | D:8      | Found a burning altar of Makhleb.
 12151 | D:8      | Found a stormy altar of Qazlal.
 12306 | D:8      | Noticed Joseph
 12683 | D:8      | Reached XP level 12. HP: 47/70 MP: 0/0
 12816 | D:8      | Killed Joseph
 12817 | D:8      | Reached skill level 10 in Evocations
 13620 | D:9      | Reached skill level 11 in Spellcasting
 14064 | D:9      | Reached *** piety under Ashenzari
 14564 | D:10     | Entered Level 10 of the Dungeon
 15329 | D:10     | Found a staircase to the Orcish Mines.
 15388 | D:10     | Noticed a boulder beetle
 15398 | D:10     | Killed a boulder beetle
 16120 | D:10     | Found a staircase to the Lair.
 16234 | D:10     | Noticed a two-headed ogre
 16243 | D:10     | Killed a two-headed ogre
 16244 | D:10     | Reached skill level 5 in Stealth
 16306 | D:10     | Identified the amulet "Qoypaun" {Spirit rElec rC+ Stlth-}
 16622 | D:10     | Identified the amulet of Barroff {Acrobat Int+4}
 16645 | D:10     | Identified the ring "Miucecim" {Str+4 Int+6 SInv}
 16867 | D:10     | Reached XP level 13. HP: 72/76 MP: 0/0
 16867 | D:10     | Learned a level 5 spell: Manifold Assault
 17456 | D:10     | Identified the ring of Fixation {rPois rN+ Will- Dex-4
                  | SInv}
 17643 | Lair:1   | Entered Level 1 of the Lair of Beasts
 17720 | Lair:1   | Reached skill level 5 in Dodging
 17796 | Lair:1   | Reached **** piety under Ashenzari
 17826 | Lair:1   | Reached skill level 12 in Spellcasting
 18818 | Lair:1   | Noticed Sonja
 18826 | Lair:1   | Killed Sonja
 18898 | Lair:1   | Noticed Harold
 18910 | Lair:1   | Killed Harold
 19250 | Lair:2   | Found a staircase to the Snake Pit.
 20455 | Lair:2   | Reached skill level 1 in Fighting
 20455 | Lair:2   | Reached skill level 13 in Spellcasting
 21240 | Lair:3   | Noticed a seven-headed hydra
 21403 | Lair:3   | Noticed an eight-headed hydra
 21571 | Lair:3   | Noticed Rupert
 21584 | Lair:3   | Reached XP level 14. HP: 82/92 MP: 0/0
 21662 | Lair:3   | Identified the +3 ring mail "Plog" {Will+ rCorr}
 21762 | Lair:3   | Reached skill level 5 in Armour
 21762 | Lair:3   | Reached skill level 5 in Shields
 24406 | Lair:5   | Entered Level 5 of the Lair of Beasts
 24412 | Lair:5   | Reached ***** piety under Ashenzari
 26468 | Lair:5   | Found a staircase to the Slime Pits.
 26468 | Lair:5   | Found a viscous altar of Jiyva.
 26529 | Lair:5   | Reached skill level 14 in Spellcasting
 26558 | Lair:5   | Reached skill level 5 in Fighting
 26648 | Lair:5   | Reached XP level 15. HP: 98/109 MP: 0/0
 26648 | Lair:5   | Learned a level 6 spell: Simulacrum
 28832 | Lair:5   | Identified the ring of Ocinum {rPois EV+4 Int-4 Dex-2
                  | Slay+5}
 29585 | Lair:3   | Found a staircase to the Shoals.
 30155 | D:11     | Found a sparkling altar of Nemelex Xobeh.
 30636 | D:2      | Bought the ring "Qobotete" {rF- Will+ MP+9 Int+9 Dex+6} for
                  | 1032 gold pieces
 30857 | Orc:1    | Entered Level 1 of the Orcish Mines
 30917 | Orc:1    | Found Taetoap's Overcharged Wands.
 31394 | Orc:2    | Entered Level 2 of the Orcish Mines
 32711 | Orc:2    | Found a staircase to the Elven Halls.
 32759 | Orc:2    | Found Cierchi's Assorted Antiques.
 32877 | Orc:2    | Bought a scroll labelled GUXZAS VISIUNIJ for 22 gold pieces
 33116 | Orc:2    | Found Vymuptag's Armour Boutique.
 33121 | Orc:2    | Found Ecut's Jewellery Emporium.
 33139 | Orc:2    | Found Fivveuw's Armour Emporium.
 33141 | Orc:2    | Found Luruesud's Antique Armour Boutique.
 33182 | Orc:2    | Bought a bronze ring mail for 270 gold pieces
 33182 | Orc:2    | Identified the +4 ring mail "Ciasobul" {rElec rCorr} (You
                  | bought it in a shop on level 2 of the Orcish Mines)
 33194 | Orc:2    | Bought a +1 pair of gloves of stealth for 181 gold pieces
 33238 | Orc:1    | Noticed Nergalle
 33241 | Orc:1    | Noticed Erolcha
 33250 | Orc:2    | Killed Nergalle
 33403 | Orc:1    | Killed Erolcha
 34020 | D:12     | Reached skill level 15 in Spellcasting
 34038 | D:12     | Reached XP level 16. HP: 87/116 MP: 0/0
 34250 | D:12     | Noticed Snorg
 34263 | D:12     | Killed Snorg
 34807 | D:12     | Noticed Psyche
 35179 | D:12     | Noticed Nessos
 35190 | D:12     | Killed Nessos
 36002 | D:12     | Killed Psyche
 36062 | D:13     | Found a gate leading to a gauntlet.
 36199 | Gauntlet | Entered a Gauntlet
 36199 | Gauntlet | Found a transporter.
 36199 | Gauntlet | Found a transporter.
 36208 | Gauntlet | Found a runed translucent door.
 36212 | Gauntlet | Found a transporter.
 36214 | Gauntlet | Found a transporter.
 36218 | Gauntlet | Found a runed translucent door.
 36218 | Gauntlet | Found a runed translucent door.
 36223 | Gauntlet | Found a transporter.
 36223 | Gauntlet | Identified the +1 helmet of Limited Liability {+Blink rF-
                  | Str+3}
 36227 | Gauntlet | Found a transporter.
 36238 | Gauntlet | Found a transporter.
 36253 | Gauntlet | Found a transporter.
 36267 | Gauntlet | Found a transporter.
 36271 | Gauntlet | Found a transporter.
 36271 | Gauntlet | Identified the +3 leather armour of Intuition {Str+3 Dex+3}
 36285 | Gauntlet | Found a transporter.
 36289 | Gauntlet | Found a transporter.
 36423 | Gauntlet | Gained mutation: You have hidden genetic defects. [a
                  | shining eye]
 36445 | Gauntlet | Lost mutation: You have hidden genetic defects. [potion of
                  | mutation]
 36445 | Gauntlet | Gained mutation: Your flesh is almost immune to the effects
                  | of heat. (rF+++) [potion of mutation]
 36445 | Gauntlet | Gained mutation: Your natural rate of healing is unusually
                  | fast. [potion of mutation]
 36445 | Gauntlet | Gained mutation: You passively dampen the noise of your
                  | surroundings. [potion of mutation]
 36445 | Gauntlet | Gained mutation: Your spells are a little harder to cast,
                  | but a little more powerful. [potion of mutation]
 36510 | Gauntlet | Paralysed by you for 3 turns
 36731 | D:13     | Found Plog's Jewellery Emporium.
 36859 | D:13     | Noticed Azrael
 37314 | Shoals:1 | Entered Level 1 of the Shoals
 37426 | Shoals:1 | Noticed a kraken
 37431 | Shoals:1 | Killed a kraken
 38001 | Shoals:1 | Noticed a kraken
 38008 | Shoals:1 | Killed a kraken
 38448 | Shoals:2 | Noticed Polyphemus
 38483 | Shoals:2 | Reached skill level 16 in Spellcasting
 38833 | Shoals:2 | Killed Polyphemus
 38834 | Shoals:2 | Reached XP level 17. HP: 99/127 MP: 0/0
 38834 | Shoals:2 | Learned a level 6 spell: Dispersal
 39695 | Shoals:3 | Noticed a kraken
 39703 | Shoals:3 | Killed a kraken
 39834 | Shoals:3 | Reached skill level 10 in Fighting
 39848 | Shoals:3 | Found Zuj Aqoi's Armour Emporium.
 40033 | Shoals:3 | Noticed Ilsuiw
 40047 | Shoals:3 | Killed Ilsuiw
 40470 | Shoals:4 | Entered Level 4 of the Shoals
 40699 | Shoals:4 | Reached skill level 17 in Spellcasting
 41219 | Shoals:4 | Found Amiotiux's Magic Scroll Shoppe.
 41227 | Shoals:4 | Bought a scroll of summoning for 133 gold pieces
 41227 | Shoals:4 | Bought a scroll of enchant weapon for 105 gold pieces
 41605 | Shoals:4 | Identified the ring of Oshapisk {+Blink Int+6}
 41705 | Shoals:4 | Reached XP level 18. HP: 135/144 MP: 0/0
 41925 | Shoals:4 | Got a barnacled rune of Zot
 42017 | Shoals:4 | Found the +2 cloak of the Thief {*Fog Slay-2 SInv Stlth+}
 42232 | Shoals:4 | Identified the +4 great sword of Voqacsuw {freeze, rF+
                  | rCorr MP-9}
 42607 | Lair:3   | Killed Rupert
 42851 | D:13     | Killed Azrael
 42938 | D:13     | Found a gate to the Vaults.
 42996 | D:13     | Reached skill level 18 in Spellcasting
 43161 | D:14     | Identified the +1 plate armour of Zoudoz {Rampage Int+4}
 43263 | D:14     | Found a portal to a secret trove of treasure.
 43980 | D:15     | Entered Level 15 of the Dungeon
 44637 | D:15     | Found a staircase to the Depths.
 45111 | Snake:1  | Entered Level 1 of the Snake Pit
 45621 | Snake:1  | Noticed Aizul
 45630 | Snake:1  | Found Gomot's Weapon Boutique.
 45752 | Snake:1  | Reached XP level 19. HP: 86/148 MP: 0/0
 45752 | Snake:1  | Learned a level 7 spell: Summon Hydra
 46070 | Snake:1  | Found Eriep's Specific Store.
 46075 | Snake:1  | Found Jagreag's General Store.
 47227 | Snake:1  | Killed Aizul
 47704 | Snake:2  | Found Pyreif's Antique Weapon Boutique.
 47734 | Snake:2  | Found Sarr's Distillery.
 47926 | Snake:2  | Found Sulul's Jewellery Shoppe.
 48087 | Snake:2  | Found Kusiuviu's General Store.
 48204 | Snake:2  | Found Dodgh's General Store.
 48225 | Snake:2  | Bought a scroll of enchant weapon for 150 gold pieces
 48435 | Snake:2  | Identified the +1 ring mail "Otimiesili" {rPois rCorr Dex+2
                  | Slay-5}
 49432 | Snake:3  | Found Diamux's Armour Emporium.
 49435 | Snake:3  | Found Kyhused's Jewellery Shoppe.
 49437 | Snake:3  | Found Yfoata's Antique Armour Emporium.
 49709 | Snake:4  | Entered Level 4 of the Snake Pit
 49888 | Snake:4  | Reached XP level 20. HP: 164/164 MP: 0/0
 50030 | Snake:4  | Reached skill level 19 in Spellcasting
 50175 | Snake:4  | Found Acaabelo's Book Shoppe.
 50175 | Snake:4  | Found Nagh's Jewellery Boutique.
 50176 | Snake:4  | Found Varikhle's Book Shoppe.
 50645 | Snake:4  | Noticed Vashnia
 50789 | Snake:4  | Killed Vashnia
 51045 | Snake:4  | Got a serpentine rune of Zot
 51381 | Vaults:1 | Entered Level 1 of the Vaults
 51578 | Vaults:1 | Reached skill level 10 in Maces & Flails
 53050 | Vaults:2 | Noticed Margery
 53098 | Vaults:2 | Reached XP level 21. HP: 129/167 MP: 0/0
 53098 | Vaults:2 | Learned a level 7 spell: Orb of Destruction
 53104 | Vaults:2 | Killed Margery
 53412 | Vaults:2 | Reached skill level 10 in Dodging
 53756 | Vaults:2 | Reached skill level 10 in Shields
 53805 | Vaults:2 | Reached skill level 10 in Armour
 54037 | Vaults:2 | Found a staircase to the Crypt.
 54251 | Vaults:2 | Found Meptochu's Book Boutique.
 55172 | Vaults:3 | Reached skill level 10 in Stealth
 55195 | Vaults:3 | Found a crumbling gateway.
 55206 | Vaults:3 | Reached skill level 20 in Spellcasting
 55220 | Vaults:3 | Reached XP level 22. HP: 169/174 MP: 0/0
 55225 | Desolati | Entered the Desolation of Salt
 55578 | Desolati | Identified the ring "Nopt" {rCorr Str+2}
 55578 | Desolati | Identified the Writings on the Snowy Sky
 55588 | Desolati | Identified Vydwilor's Commentary on Frigid Shapeshifting
 55709 | Desolati | Identified the ring "Miavuo Wiwo" {rF+ rC+ EV+4 Str+7}
 55709 | Desolati | Identified Leodeb's Meditations on the Evil Stinger
 55710 | Desolati | Identified the +4 demon blade "Viydghiski" {elec, rPois
                  | rF++ SInv Stlth+}
 55784 | Desolati | Identified the ring "Xacos" {rC+ rN+ Will- EV+4 Str+2}
 55785 | Desolati | Identified Lewn's Tome of Spellbinding
 55911 | Desolati | Identified the +1 helmet of Teuresal {+Inv rPois}
 56162 | Desolati | Identified the +7 chain mail of the Barracuda {Fly rF+ rC-
                  | Int+7 Dex-3}
 56163 | Desolati | Identified the amulet "Ocaur" {Reflect Fly rC+ Will- Dex+3
                  | SH+5}
 56936 | Vaults:3 | Annihilated by a white very ugly thing

Illustrated notes

Levels and vault maps discovered:
D:1:      spicycebolla_green_bress_n_ham_2, layout_basic
D:2:      minmay_spotlight, layout_basic,
          chequers_ecumenical_altar_simple_redux, serial_shops, shop
D:3:      layout_loops_ring, uniq_terence
D:4:      layout_gridville, chequers_serial_rivers_room_a, uniq_blork_the_orc,
          uniq_eustachio, uniq_crazy_yiuf_cottage, uniq_grinder
D:5:      layout_cave_pods, temple_green, uniq_sigmund
D:6:      layout_gridville, nicolae_overflow_two_pavilions,
          chequers_temple_overflow_statue_of_worship, uniq_duvessa
D:7:      layout_basic, nicolae_hepliaklqana_hazy_memory, enter_bailey_2,
          hangedman_feature_mirror, minmay_crossroads
D:8:      layout_loops_ring, kiku_gazebo_garden_becter,
          kennysheep_okawaru_gauntlet, mainiacjoe_overflow_big_doors,
          uniq_joseph
D:9:      layout_small_grid, serial_bayou, serial_bayou_pond_b,
          serial_bayou_pond_c, serial_bayou_shore_b, serial_bayou_pond_c,
          serial_bayou_pond_c, serial_bayou_shore_b
D:10:     minmay_the_grid_triangle_9x9_recursive_2_mashed
          [minmay_the_grid_triangle_9x9_prize_special,
          minmay_the_grid_triangle_9x9_odd_lines,
          minmay_the_grid_triangle_9x9_cache,
          minmay_the_grid_triangle_9x9_from_above], layout_loops_ring,
          erik_lair_island
D:11:     layout_basic, nemelex_diamond_rough_becter
D:12:     layout_irregular_city, uniq_psyche, uniq_snorg, uniq_nessos
D:13:     layout_cave_pools, skrybe_vaults_entry_preservation, serial_shops,
          kennysheep_mini, gauntlet_entry_generic, uniq_azrael
D:14:     layout_basic, nicolae_trove_entry_crossroad, corner_web_ring
D:15:     grunt_enter_depths_snipers, layout_irregular_city,
          nicolae_hexahallways
Temple:   nicolae_temple_slightly_damp_pantheon
Lair:1:   layout_loops_ring, gammafunk_lair_bear_cave, grunt_megastairs_4,
          uniq_sonja, uniq_harold
Lair:2:   layout_cave_pods, dummy_snake_entry
Lair:3:   beast_lair_carwin_large_2, layout_regular_city,
          minmay_shoals_entry_lonely_mermaid, grunt_megastairs_1, uniq_rupert
Lair:4:   layout_roguey
Lair:5:   grunt_lair_end_beastmaster, layout_long_grid,
          minmay_slime_entry_pillars
Shoals:1: layout_shoals
Shoals:2: layout_shoals, uniq_polyphemus
Shoals:3: cheibrodos_shoals_roost, layout_shoals, serial_shops, shop,
          uniq_ilsuiw
Shoals:4: shoals_end_simple, layout_shoals, serial_shops, shop,
          hangedman_shoals_cup_caves
Snake:1:  onia_ninara_swampy_vault, layout_cave_shapes, serial_shops,
          nicolae_square_shop, nicolae_specific_store,
          nicolae_snake_ghostly_warrior_ritual, uniq_aizul
Snake:2:  layout_chambers, serial_shops, shop_statue, shop, shop, shop,
          nicolae_shop_overgrown_old_shop, nicolae_snake_lava_pool,
          grunt_megastairs_5
Snake:3:  layout_grid_shapes, special_room, nicolae_snake_guarding_the_ruins,
          nicolae_integral_box, minmay_shop_star, serial_bayou_shore_b
Snake:4:  grunt_snake_rune_serpentine_throne, layout_cave_town,
          minmay_shop_grove
Orc:1:    layout_caves, nicolae_shop_overcharged_wands, uniq_erolcha,
          uniq_nergalle
Orc:2:    st_orc_elflike, layout_caves, serial_shops, shop
Vaults:1: v_misc_14, v_misc_5, nicolae_vaults_mini_display_case,
          vaults_dpeg_hooks, hangedman_vaults_cutoff,
          nicolae_vaults_three_branches, nicolae_vaults_border_crossing,
          ontoclasm_vaults_misaligned, layout_vaults_big_room
Vaults:2: v_misc_17, v_misc_11, v_misc_5, grunt_vaults_funnel,
          vaults_mumra_chevron, vaults_room_grunt_arrival_checkpoint,
          minmay_crypt_entry_simple_round, v_alt_pattern_3,
          vaults_room_grunt_arrival_ludios, v_misc_11, layout_vaults_omnicross,
          serial_shops, shop, uniq_margery
Vaults:3: portal_desolation_entry_nicolae_nacl, nicolae_vaults_shelves_hall,
          v_pattern_5, grunt_tower_of_power, grunt_vaults_hallway_long,
          vaults_dpeg_cross, nicolae_vaults_network_s, v_misc_10,
          ontoclasm_vaults_eye, hangedman_vaults_slice,
          nicolae_vaults_inception_scallops, nicolae_vaults_specimen_jars,
          v_alt_pattern_1, vaults_dpeg_emergency_exit, layout_vaults_omnibox

Skill      XL: |  1  2  3  4  5  6  7  8  9 10 11 12 13 14 15 16 17 18 19 20 21 22 |
---------------+-------------------------------------------------------------------+-----
Stealth        | 2 3 4 5 6 8 9 10 | 10.5
Spellcasting   | 3 4 5 6 8 10 11 13 14 15 16 17 18 19 20 | 20.3
Evocations     | 2 3 5 6 9 10 11 12 | 12.5
Maces & Flails | 5 6 7 9 10 | 10.0
Armour         | 4 6 7 8 9 10 11 | 11.3
Shields        | 4 6 7 8 9 10 11 | 11.3
Dodging        | 4 5 6 8 9 11 | 11.8
Fighting       | 2 5 7 9 11 12 | 12.4

Action                   |  1- 3 |  4- 6 |  7- 9 | 10-12 | 13-15 | 16-18 | 19-21 | 22-24 || total
-------------------------+-------+-------+-------+-------+-------+-------+-------+-------++-------
Melee: Dagger            |    16 |     9 |     7 |       |       |       |       |       ||    32
       Demon whip        |       |       |       |    24 |   319 |   633 |  1357 |   477 ||  2810
       Punch             |       |       |       |     1 |       |       |       |       ||     1
 Cast: Foxfire           |    45 |    56 |   207 |   246 |   618 |   539 |    56 |     2 ||  1769
       Scorch            |       |    10 |    65 |   197 |   434 |   313 |    44 |     2 ||  1065
       Call Imp          |       |     2 |     1 |     5 |       |     2 |     1 |       ||    11
       Swiftness         |       |       |     3 |     3 |     4 |     2 |     1 |       ||    13
       Flame Wave        |       |       |     2 |     5 |    34 |    62 |    22 |       ||   125
       Confusing Touch   |       |       |     1 |     1 |     7 |    18 |       |       ||    27
       Conjure Flame     |       |       |     1 |       |       |       |       |       ||     1
       Inner Flame       |       |       |       |     1 |     8 |       |       |       ||     9
       Manifold Assault  |       |       |       |       |    45 |    42 |   248 |    63 ||   398
       Simulacrum        |       |       |       |       |     8 |     2 |    23 |     5 ||    38
       Shock             |       |       |       |       |     5 |     9 |       |       ||    14
       Fulminant Prism   |       |       |       |       |       |     4 |     5 |       ||     9
       Dispersal         |       |       |       |       |       |     1 |       |       ||     1
       Summon Hydra      |       |       |       |       |       |       |    46 |     8 ||    54
       Orb of Destructio |       |       |       |       |       |       |    56 |     7 ||    63
Invok: Curse Item        |       |       |     1 |     4 |     4 |     3 |     4 |       ||    16
       Shatter the Chain |       |       |       |       |     5 |     2 |     1 |       ||     8
 Abil: Evoke Blink       |       |       |       |       |       |     1 |     1 |       ||     2
Evoke: Box of beasts     |       |       |       |       |       |       |     1 |       ||     1
  Use: Scroll            |     3 |     2 |     4 |     8 |     2 |    10 |     3 |       ||    32
       Potion            |       |       |     1 |     1 |     4 |     9 |     3 |       ||    18
 Stab: Distracted        |       |       |       |     1 |       |     1 |    12 |     1 ||    15
       Confused          |       |       |       |       |    11 |    18 |       |       ||    29
       Sleeping          |       |       |       |       |     1 |    12 |    28 |    17 ||    58
Armor: Ring mail         |     6 |       |    10 |    41 |   126 |   250 |   125 |    35 ||   593
       Leather armour    |     2 |     7 |    10 |       |       |       |       |       ||    19
Dodge: Dodged            |    16 |    13 |    48 |    85 |   311 |   654 |   418 |   103 ||  1648
Block: Buckler           |       |       |       |    21 |   130 |   277 |   110 |       ||   538
       Kite shield       |       |       |       |       |       |       |   261 |   155 ||   416
